 Dungeon Crawl Stone Soup version 0.20.1-1-g8b1a95d (console) character file.

589 hilaritas the Ruffian (level 7, -7/67 HPs)
             Began as a Troll Abyssal Knight on Feb 22, 2018.
             Was a Priest of Lugonu.
             Mangled by an orc wizard
             ... wielding a +2 dagger of electrocution
              (15 damage)
             ... on level 4 of the Dungeon.
             The game lasted 00:11:24 (3524 turns).

hilaritas the Ruffian (Troll Abyssal Knight)        Turns: 3524, Time: 00:11:25

Health: -7/67      AC:  7    Str: 23    XL:     7   Next: 15%
Magic:  8/8        EV: 10    Int:  8    God:    Lugonu [***...]
Gold:   318        SH:  0    Dex:  9    Spells: 3/6 levels left

rFire    . . .     SeeInvis .     - Unarmed
rCold    . . .     Gourm    +   (no shield)
rNeg     . . .     Faith    .   t - +2 animal skin
rPois    .         Spirit   .   (helmet restricted)
rElec    .         Reflect  .   (no cloak)
rCorr    .         Harm     .   (gloves unavailable)
MR       .....                  (boots unavailable)
Stlth    ++........             (no amulet)
Regen    0.7/turn               k - ring of stealth
MPRegen  0.2/turn               (no ring)

@: no status effects
A: unfitting armour, claws 3, fast metabolism 3, gourmand, regeneration 1,
shaggy fur 1, tough skin 2
a: Depart the Abyss, Bend Space, Banish, Renounce Religion


You were on level 4 of the Dungeon.
You worshipped Lugonu.
Lugonu was most pleased with you.
You were very full.

You visited 1 branch of the dungeon, and saw 4 of its levels.
You visited the Abyss 1 time.

You collected 318 gold pieces.

Inventory:

Hand Weapons
 i - a +1 mace
Missiles
 p - 20 tomahawks (quivered)
Armour
 t - a +2 animal skin (worn)
Jewellery
 c - an uncursed ring of ice
 k - a ring of stealth (left claw)
 l - an uncursed ring of flight
Scrolls
 e - a scroll of enchant armour
 f - 3 scrolls of remove curse
 q - a scroll of identify
Potions
 a - a potion of might
 h - a potion of cancellation
 n - a potion of invisibility
 o - a potion of magic
 r - a potion of haste
 s - a potion of mutation
Comestibles
 b - 4 bread rations
 d - 3 royal jellies
 j - 7 meat rations
 m - 4 fruits


   Skills:
 * Level 3.4 Fighting
 - Level 1.9 Dodging
 * Level 6.8 Unarmed Combat
 * Level 3.0 Invocations


You had 3 spell levels left.
You knew the following spells:

 Your Spells              Type           Power        Failure   Level  Hunger
a - Apportation           Tloc           #.....       41%         1    ##.....
b - Confusing Touch       Hex            #.....       41%         1    ##.....
c - Summon Small Mammal   Summ           #...         41%         1    ##.....


Dungeon Overview and Level Annotations

Branches:
Dungeon (4/15)
 Temple: D:4-7

Altars:
Cheibriados
Gozag
Trog
Vehumet
Yredelemnul


Innate Abilities, Weirdness & Mutations

You are too large for most types of armour.
You have claws for hands.
Your metabolism is lightning-fast.
You like to eat raw meat.
Your natural rate of healing is unusually fast.
You are covered in fur. (AC +1)
You have very tough skin. (AC +2)


Message History

The orc closely misses you.
You closely miss the orc. You barely miss the orc.
Something hits you but does no damage.
You are electrocuted!
The orc hits you with a hand axe.
You barely miss the orc. Something hits you. The orc barely misses you.
You completely miss the orc. Something hits you.
You are electrocuted!
The orc hits you but does no damage. Something hits you but does no damage.
The orc closely misses you.
You barely miss something. The orc hits you with a dagger.
Something hits you but does no damage.
You are electrocuted!
You scratch something but do no damage. The orc hits you but does no damage. x2
Something hits you but does no damage.
You scratch something. The orc hits you with a hand axe.
The orc barely misses you. Something hits you.
* * * LOW HITPOINT WARNING * * *
You barely miss something. The orc barely misses you.
The orc hits you with a dagger.
* * * LOW HITPOINT WARNING * * *
Something hits you but does no damage.
You are electrocuted!
You die...

#..............#.##.##.#
#........####..........)
#........#.##.##.##.##.#
#........#..............
#........####.###.##...#
#......................#
#....................#.#
#.......##########.#.#..
#....†..# #...#..
#.....o.# #######..#..
#......@# ....(.......
###....o................
#.....................
#.....................
................>......
#..#..?.................
#....#######...........#
..... ##########...#
#.......:.....
#............#
#.............


You could see 2 orcs.

Vanquished Creatures
  An ogre (D:4)
  5 orc priests (D:3)
  An orc wizard (D:3)
  Jessica (D:3)
  Ijyb (D:3)
  A worker ant (D:4)
  A hound skeleton (D:4)
  Robin (D:3)
  10 adders
  An adder skeleton (D:4)
  5 worms
  3 dart slugs
  3 leopard geckos
  21 orcs (D:3)
  4 bats
  5 giant cockroaches
  12 goblins
  8 hobgoblins
  4 quokkas
  A ball python (D:3)
  6 frilled lizards
  7 kobolds
  A leopard gecko skeleton (D:4)
  9 rats
112 creatures vanquished.

Notes
Turn   | Place    | Note
-------+----------+-------------------------------------------
     0 | Abyss:1  | hilaritas the Troll Abyssal Knight began the quest for the Orb.
     0 | Abyss:1  | Reached XP level 1. HP: 22/22 MP: 1/1
    50 | D:1      | Escaped the Abyss
   360 | D:1      | Reached * piety under Lugonu
   360 | D:1      | Reached XP level 2. HP: 29/29 MP: 2/2
   881 | D:2      | Reached XP level 3. HP: 27/36 MP: 3/3
   883 | D:2      | Reached skill level 3 in Unarmed Combat
  1231 | D:2      | Reached XP level 4. HP: 44/44 MP: 4/4
  1597 | D:3      | Noticed Jessica
  1603 | D:3      | Killed Jessica
  1603 | D:3      | Reached skill level 4 in Unarmed Combat
  1671 | D:3      | Reached XP level 5. HP: 49/53 MP: 5/5
  1681 | D:3      | Reached ** piety under Lugonu
  1835 | D:3      | Found a snail-covered altar of Cheibriados.
  1899 | D:3      | Reached skill level 5 in Unarmed Combat
  2142 | D:3      | Noticed Ijyb
  2174 | D:3      | Reached XP level 6. HP: 54/61 MP: 6/6
  2231 | D:3      | Noticed Robin
  2361 | D:3      | Killed Ijyb
  2361 | D:3      | Reached *** piety under Lugonu
  2375 | D:3      | Killed Robin
  2566 | D:3      | Reached skill level 6 in Unarmed Combat
  3293 | D:4      | Found a bloodstained altar of Trog.
  3293 | D:4      | Found an opulent altar of Gozag.
  3293 | D:4      | Found a radiant altar of Vehumet.
  3298 | D:4      | Found a basalt altar of Yredelemnul.
  3341 | D:4      | Learned a level 1 spell: Apportation
  3343 | D:4      | Learned a level 1 spell: Confusing Touch
  3345 | D:4      | Learned a level 1 spell: Summon Small Mammal
  3435 | D:4      | Reached XP level 7. HP: 56/67 MP: 8/8
  3524 | D:4      | Mangled by an orc wizard

Skill      XL: |  1  2  3  4  5  6 |
---------------+-------------------+-----
Unarmed Combat | 3 4 5 6 |  6.8
Fighting       | 3 |  3.4
Invocations    | 2 3 |  3.0
Dodging        | |  1.9

Action                   |  1- 3 |  4- 6 |  7- 9 || total
-------------------------+-------+-------+-------++-------
Melee: Unarmed           |    83 |   232 |    17 ||   332
       Punch             |       |     6 |       ||     6
Invok: Depart the Abyss  |     1 |       |       ||     1
       Bend Space        |       |     1 |       ||     1
  Use: Scroll            |     8 |     7 |       ||    15
 Stab: Sleeping          |     2 |     1 |       ||     3
  Eat: Chunk             |    11 |    26 |       ||    37
Armor: Robe              |    23 |    52 |       ||    75
       Animal skin       |       |    14 |     9 ||    23
Dodge: Dodged            |    38 |   106 |    11 ||   155
